 Dungeon Crawl Stone Soup version 0.31-a0-187-gba352fbbf7 (webtiles) character file.

Game seed: 12419843679034412690

45 qw the Shooter (level 3, 0/20 HPs)
             Began as a Deep Elf Hunter on June 22, 2023.
             Succumbed to their own poison gas
             ... on level 2 of the Dungeon.
             The game lasted 00:00:21 (1333 turns).

qw the Shooter (Deep Elf Hunter)                    Turns: 1333, Time: 00:00:21

Health: 0/20       AC:  5    Str: 10    XL:     3   Next: 42%
Magic:  5/5        EV: 11    Int: 13    God:
Gold:   47         SH:  0    Dex: 18    Spells: 2/2 levels left

rFire   . . .        Y - +1 shortbow
rCold   . . .        (shield currently unavailable)
rNeg    . . .        e - +0 ring mail
rPois   .            (no helmet)
rElec   .            (no cloak)
rCorr   .            (no gloves)
SInv    .            (no boots)
Will    .....        (no amulet)
Stlth   +            (no ring)
HPRegen 0.23/turn    (no ring)
MPRegen 0.09/turn

%: no passive effects
@: lethally poisoned (0 -> -7)
A: no striking features
a: no special abilities


You were on level 2 of the Dungeon.
You visited 1 branch of the dungeon, and saw 2 of its levels.

You collected 47 gold pieces.


   Skills:
 - Level 1.5 Fighting
 + Level 7.0 Ranged Weapons
 - Level 2.4 Dodging
 - Level 1.2 Stealth


You had 2 spell levels left.
You didn't know any spells.
Your spell library was empty.

Inventory:

Hand Weapons
 Y - a +1 shortbow (weapon)
Armour
 e - a +0 ring mail (worn)
Potions
 a - a potion of enlightenment {unknown}

Dungeon Overview and Level Annotations

Branches:
Dungeon (2/15)

Altars:


Message History

Enter note:
Enter note:
Enter note:
Enter note:
Enter note: Done exploring.
1327 ||| READING scroll labelled ZUVOMY ANAWUT.
As you read the scroll labelled ZUVOMY ANAWUT, it crumbles to dust.
It is a scroll of identify.
Really abort (and waste the scroll)?
Done exploring.
1328 ||| READING scroll labelled QUKHLI OTIMIO.
The air fills with toxic fumes!
As you read the scroll labelled QUKHLI OTIMIO, it crumbles to dust.
It was a scroll of poison.
Done exploring.
(D) Dungeon
Where to? (* - list waypoints, Enter - D:2, ? - help)
What level of the Dungeon? (default 1, ? - help) Sorry, I don't know how to get there.
Enter note:
Enter note:
Enter note:
Enter note:
Enter note:
Enter note:
Enter note:
Enter note:
Enter note: Really walk into that cloud of poison gas?
You are engulfed in poison gas.
You are poisoned.
You feel very sick.
1330 ||| Stepping ~*~*~tactically~*~*~ (cloud).
You feel very sick.
There is a lethal amount of poison in your body!
You feel sick.
There is a lethal amount of poison in your body!
You feel sick.
There is a lethal amount of poison in your body!
You die...

##....# ####.####
#¤......#####
#0##........#
#¤##..#.###.#
#¤##.....##.# ##
#¤###.#..##.#####>
#¤###¤#¤¤.........
#@¤¤¤¤¤¤###.######
#####¤¤¤0...#
#########


There were no monsters in sight!

Vanquished Creatures
  2 adders (D:2)
  A worm (D:2)
  A dart slug (D:1)
  4 ball pythons
  A bat (D:1)
  3 endoplasms
  3 goblins
  2 hobgoblins
  A frilled lizard (D:1)
  4 rats
22 creatures vanquished.

Notes
Turn   | Place    | Note
-------+----------+-------------------------------------------
     0 | D:1      | qw the Deep Elf Hunter began the quest for the Orb.
     0 | D:1      | Reached XP level 1. HP: 12/12 MP: 3/3
     0 | D:1      | 0 ||| qw: Version: 0.3-a-9-g12657ce
     0 | D:1      | 0 ||| qw: Game counter: 2260
     0 | D:1      | 0 ||| qw: Always use a shield: true
     0 | D:1      | 0 ||| qw: God list: Okawaru
     0 | D:1      | 0 ||| qw: Allow faded altars: false
     0 | D:1      | 0 ||| qw: Do Orc after D:15 true
     0 | D:1      | 0 ||| qw: Do second Lair branch before Depths: true
     0 | D:1      | 0 ||| qw: Lair rune preference: random
     0 | D:1      | 0 ||| qw: Plans: Normal
     0 | D:1      | 0 ||| PLANNING D:1-11
   276 | D:1      | Reached XP level 2. HP: 16/16 MP: 4/4
   385 | D:1      | Reached skill level 6 in Ranged Weapons
   677 | D:1      | 677 ||| UPGRADING to +0 ring mail.
   687 | D:1      | 687 ||| DROPPING +0 leather armour.
   688 | D:1      | 688 ||| READING scroll labelled FOUGRONEZE.
   689 | D:1      | 689 ||| READING scroll labelled ULEIBU MUNUIG.
   690 | D:1      | 690 ||| READING scroll labelled HASMUESIZU.
   691 | D:1      | 691 ||| READING scroll labelled BOIWKO FAUTRY.
   696 | D:1      | 696 ||| READING scroll labelled INERAM IKAE.
   697 | D:1      | 697 ||| DROPPING scroll of butterflies.
   893 | D:2      | Reached XP level 3. HP: 20/20 MP: 5/5
  1203 | D:2      | Reached skill level 7 in Ranged Weapons
  1327 | D:2      | 1327 ||| READING scroll labelled ZUVOMY ANAWUT.
  1328 | D:2      | 1328 ||| READING scroll labelled QUKHLI OTIMIO.
  1330 | D:2      | 1330 ||| Stepping ~*~*~tactically~*~*~ (cloud).
  1330 | D:2      | HP: 5/20 [poisoned by you (poison gas)]
  1332 | D:2      | HP: 1/20 [poisoned by you (poison gas)]
  1333 | D:2      | Succumbed to their own poison gas

Levels and vault maps discovered:
D:1:      lemuel_arrival_hallway, layout_loops_ring, minivault_4,
          hangedman_abyss_or_decor_lesser_grid, minivault_27
D:2:      layout_loops_cross

Skill      XL: |  1  2  3 |
---------------+----------+-----
Ranged Weapons | 6 7 |  7.0
Fighting       | |  1.5
Dodging        | |  2.4
Stealth        | |  1.2

Action                     || total
---------------------------++-------
   Fire: Shortbow          ||    61
    Use: Scroll            ||     7
 Armour: Ring mail         ||     2
  Dodge: Dodged            ||    10

Table legend:
 A = Non-vault XP
 B = Vault XP
 C = Vault XP percentage of total XP
 D = Non-vault monster count
 E = Vault monster count
 F = Vault count percentage of total count
                 A         B        C        D         E       F
            +---------+---------+-------+---------+---------+-------
      Total |      65 |       0 |   0.0 |      22 |       0 |   0.0
            +---------+---------+-------+---------+---------+-------
        D:1 |      24 |       0 |   0.0 |      13 |       0 |   0.0
        D:2 |      41 |       0 |   0.0 |       9 |       0 |   0.0
            +---------+---------+-------+---------+---------+-------
